 Dungeon Crawl Stone Soup version 0.29.1-1-gd02db6906a (webtiles) character file.

Game seed: 10564037809384501606

4127 RascalDebosk the Fighter (level 10, -4/80 HPs)
             Began as a Djinni Air Elementalist on Oct 12, 2022.
             Slain by a slime creature (16 damage)
             ... on level 9 of the Dungeon.
             The game lasted 00:57:13 (10815 turns).

RascalDebosk the Fighter (Djinni Air Elementalist) Turns: 10815, Time: 00:57:13

Health: -4/80      AC:  6    Str:  9    XL:     10   Next: 51%
Gold:   153        EV: 12    Int: 26    God:
                   SH:  5    Dex: 14

rFire   + + .      SeeInvis +   o - +2 scythe (flame)
rCold   . . .      Faith    .   (shield currently unavailable)
rNeg    . . .      Spirit   .   a - +0 robe
rPois   ∞          Reflect  +   v - +0 helmet of Nian Joed {Int+7}
rElec   .          Harm     .   G - +0 cloak
rCorr   .          Rampage  .   y - +1 pair of gloves
Will    +....                   (boots unavailable)
Stlth   ++........              J - amulet of reflection
HPRegen 0.23/turn               g - ring of protection from cold
MPRegen 0.00/turn               H - ring of see invisible

@: flying
A: sickness immunity, fire resistance 2, cold vulnerability 1, float, innate
caster, HP casting, extra vitality 1
a: no special abilities


You were on level 9 of the Dungeon.
You visited 2 branches of the dungeon, and saw 10 of its levels.

You collected 497 gold pieces.
You spent 344 gold pieces at shops.

Inventory:

Hand Weapons
 o - a +2 scythe of flaming (weapon)
 s - a +0 dagger
 M - a +3 scimitar
Missiles
 I - a throwing net {@!f}
Armour
 a - a +0 robe (worn)
 v - the +0 helmet of Nian Joed (worn) {Int+7}
   (You found it on level 3 of the Dungeon)

   Int:       It affects your intelligence (+7).
 y - a +1 pair of gloves (worn)
 G - a +0 cloak (worn)
Jewellery
 f - a ring of ice
 g - a ring of protection from cold (left hand)
 B - an amulet of faith
 H - a ring of see invisible (right hand)
 J - an amulet of reflection (around neck)
Wands
 r - a wand of mindburst (26)
 C - a wand of flame (8)
 F - a wand of quicksilver (10)
Scrolls
 b - 9 scrolls of identify {unknown}
 c - a scroll of acquirement {unknown}
 d - 3 scrolls of blinking {unknown}
 m - 2 scrolls of summoning {unknown}
 t - 4 scrolls of teleportation
 u - 2 scrolls of enchant armour {unknown}
 x - a scroll of magic mapping {unknown}
 A - 2 scrolls of enchant weapon {unknown}
 D - 3 scrolls of amnesia {unknown}
 E - a scroll of fog {unknown}
 K - a scroll of fear
Potions
 e - 3 potions of curing
 h - a potion of mutation {unknown}
 i - 4 potions of degeneration {unknown}
 j - a potion of ambrosia {unknown}
 k - 4 potions of heal wounds
 l - 2 potions of brilliance {unknown}
 n - 3 potions of might
 p - a potion of berserk rage {unknown}
 q - 3 potions of magic {unknown}
 w - a potion of lignification {unknown}
 z - a potion of haste {unknown}
 L - a potion of attraction {unknown}


   Skills:
 + Level 9.8 Fighting
 - Level 2.0 Short Blades
 - Level 2.0 Polearms
 - Level 2.1 Dodging
 - Level 1.5 Stealth
 + Level 8.0 Spellcasting
 - Level 2.0 Evocations


You had 5 spell levels left.
You knew the following spells:

 Your Spells              Type           Power      Damage    Failure   Level
a - Shock                 Conj/Air       100%       1d9       1%          1
b - Static Discharge      Conj/Air       51%        3-10/arc  1%          2
c - Swiftness             Air            51%        N/A       1%          3
d - Airstrike             Air            25%        2d(4-20)  1%          4
e - Necrotise             Necr           100%       1d9       1%          1
f - Passwall              Tmut/Erth      42%        N/A       1%          2
g - Conjure Flame         Conj/Fire      51%        6-21      1%          3
h - Fulminant Prism       Conj/Hex       25%        3d14      1%          4
Your spell library was empty.

Dungeon Overview and Level Annotations

Branches:
Dungeon (9/15)             Temple (1/1) D:7            Lair (0/5) D:8
    Orc: D:9-12

Altars:
Cheibriados
Dithmenos
Elyvilon
Fedhas
Gozag
Hepliaklqana
Makhleb
Nemelex Xobeh
Okawaru
Qazlal
Trog
Uskayaw
Wu Jian
Xom
Yredelemnul
Zin
The Shining One

Shops:
D:4 !   D:8 *


Innate Abilities, Weirdness & Mutations

You are immune to sickness and miasma.
You are immune to poison.
Your flesh is very heat resistant. (rF++)
You are vulnerable to cold. (rC-)
You float through the air rather than walking.
You learn spells naturally, not from books.
Your magical power is your life essence.
You have superior vitality. (+4 MHP)


Message History

Okay, then.
A slime creature comes into view.
The slime creature quivers.
The slime creature moves out of view.
Casting: Shock (safe; 1% risk of failure)
Confirm with . or Enter, or press ? or * to list all spells.
Aiming: Airstrike (dangerous; 2% risk of failure)
Press: ? - help, Dir - move target, f - slime creature
Aim: a slime creature (empty space bonus: 7/8)
The air twists around and strikes the slime creature!!
The slime creature is heavily wounded.
The slime creature jiggles.
Casting: Airstrike (dangerous; 2% risk of failure)
Confirm with . or Enter, or press ? or * to list all spells.
Aiming: Airstrike (dangerous; 2% risk of failure)
Press: ? - help, Dir - move target, f/p - slime creature
Aim: a slime creature (heavily wounded, empty space bonus: 7/8)
The air twists around and strikes the slime creature!
The slime creature is severely wounded.
Casting: Airstrike (dangerous; 2% risk of failure)
Confirm with . or Enter, or press ? or * to list all spells.
Aiming: Airstrike (dangerous; 2% risk of failure)
Press: ? - help, Dir - move target, f/p - slime creature
Aim: a slime creature (severely wounded, empty space bonus: 6/8)
The air twists around and strikes the slime creature!
The slime creature is severely wounded.
* * * LOW HITPOINT WARNING * * *
A slime creature comes into view.
Aiming: Shock (safe; 1% risk of failure)
Press: ? - help, Q - select action, (/) - cycle Shift-Dir - straight line, f/p - slime creature
Aim: a slime creature (severely wounded, 94% to hit)
The zap hits the slime creature.
The slime creature is severely wounded.
The zap misses the slime creature.
* * * LOW HITPOINT WARNING * * *
Casting: Shock (safe; 1% risk of failure)
Confirm with . or Enter, or press ? or * to list all spells.
The slime creature is struck by an arc of lightning.
The slime creature is almost dead.
You are struck by an arc of lightning.
* * * LOW HITPOINT WARNING * * *
The lightning grounds out.
* * * LOW HITPOINT WARNING * * *
You block the slime creature's attack.
Casting: Static Discharge (safe; 1% risk of failure)
Confirm with . or Enter, or press ? or * to list all spells.
The slime creature is struck by an arc of lightning!
The slime creature is almost dead.
The slime creature is struck by an arc of lightning!
The slime creature is lightly wounded.
The lightning grounds out.
* * * LOW HITPOINT WARNING * * *
Two slime creatures merge to form a large slime creature.
Casting: Static Discharge (safe; 1% risk of failure)
Confirm with . or Enter, or press ? or * to list all spells.
The large slime creature is struck by an arc of lightning!
The large slime creature is severely wounded.
You are struck by an arc of lightning.
* * * LOW HITPOINT WARNING * * *
The lightning grounds out.
* * * LOW HITPOINT WARNING * * *
A large slime creature splits.
Casting: Static Discharge (safe; 1% risk of failure)
Confirm with . or Enter, or press ? or * to list all spells.
You don't know that spell.
Casting: Static Discharge (safe; 1% risk of failure)
Confirm with . or Enter, or press ? or * to list all spells.
The slime creature is struck by an arc of lightning.
The slime creature is severely wounded.
The slime creature is struck by an arc of lightning!
The slime creature is almost dead.
The slime creature is struck by an arc of lightning!
The slime creature is lightly wounded.
The slime creature is struck by an arc of lightning.
The slime creature is almost dead.
The lightning grounds out.
The slime creature is struck by an arc of lightning!
You kill the slime creature!
You are struck by an arc of lightning.
* * * LOW HITPOINT WARNING * * *
The slime creature is struck by an arc of lightning.
The slime creature is severely wounded.
The lightning grounds out.
The slime creature is struck by an arc of lightning!
The slime creature is moderately wounded.
You are struck by an arc of lightning.
* * * LOW HITPOINT WARNING * * *
The slime creature is struck by an arc of lightning!
The slime creature is almost dead.
The lightning grounds out.
* * * LOW HITPOINT WARNING * * *
The slime creature hits you.
* * * LOW HITPOINT WARNING * * *
The slime creature hits you.
* * * LOW HITPOINT WARNING * * *
Your Spellcasting skill increases to level 8!
You hit the slime creature. You burn the slime creature.
You kill the slime creature!
The slime creature hits you!
You die...

#. ..... . ....
##>####...
#..#.....##
.?.......#
#......####.
###..J.....#..
#....@........
#.............
##............
#............
.###............
.............##.
#..............
#..##..........
#.. #<.........


You could see a slime creature.

Vanquished Creatures
  Grinder (D:5)
  5 slime creatures (D:9)
  Sigmund (D:2)
  A wyvern (D:8)
  A water moccasin (D:7)
  3 ice beasts
  A sky beast (D:8)
  2 orc warriors
  A black bear (D:8)
  A centaur (D:6)
  An ogre (D:5)
  A phantom (D:6)
  4 kobold brigands
  2 bullfrogs
  3 gnoll sergeants
  4 scorpions
  3 wights (D:8)
  A howler monkey (D:6)
  2 gnoll boudas
  4 hounds
  A jelly (D:7)
  2 orc priests
  3 iguanas
  4 orc wizards
  24 gnolls
  12 adders
  A worm (D:2)
  A dart slug (D:2)
  27 orcs
  8 endoplasms
  5 giant cockroaches
  5 goblins
  6 hobgoblins
  13 jackals
  3 quokkas
  6 ball pythons
  3 bats
  3 frilled lizards
  23 kobolds
  2 rats
194 creatures vanquished.

Vanquished Creatures (others)
  5 fungi (D:8)
  7 plants
12 creatures vanquished.

Grand Total: 206 creatures vanquished

Notes
Turn   | Place    | Note
-------+----------+-------------------------------------------
     0 | D:1      | RascalDebosk the Djinni Air Elementalist began the quest
                  | for the Orb.
     0 | D:1      | RascalDebosk set off with the following spells memorised:
                  | Shock, Static Discharge, Swiftness, Airstrike.
     0 | D:1      | Reached XP level 1. HP: 15/15 MP: 0/0
    50 | D:1      | Reached skill level 1 in Fighting
    50 | D:1      | Reached XP level 2. HP: 2/22 MP: 0/0
   721 | D:1      | Found a faded altar of an unknown god.
  1528 | D:2      | Reached XP level 3. HP: 25/27 MP: 0/0
  1528 | D:2      | Learned a level 1 spell: Necrotise
  1844 | D:2      | Reached skill level 2 in Fighting
  1941 | D:2      | Noticed Sigmund
  1946 | D:2      | Killed Sigmund
  1947 | D:2      | Reached skill level 3 in Fighting
  1947 | D:2      | Reached XP level 4. HP: 10/35 MP: 0/0
  1947 | D:2      | Reached XP level 5. HP: 11/40 MP: 0/0
  1947 | D:2      | Learned a level 2 spell: Passwall
  1947 | D:2      | Reached XP level 6. HP: 13/46 MP: 0/0
  3412 | D:3      | Found a hide-covered altar of Uskayaw.
  3413 | D:3      | Found a sparkling altar of Nemelex Xobeh.
  3413 | D:3      | Found a glowing silver altar of Zin.
  3576 | D:3      | Reached skill level 1 in Evocations
  3957 | D:3      | Identified the +0 helmet of Nian Joed {Int+7}
  4736 | D:4      | Found Vyen Paf's Distillery.
  4892 | D:4      | Bought a potion of heal wounds for 65 gold pieces
  4892 | D:4      | Bought a potion of curing for 39 gold pieces
  5239 | D:4      | Reached XP level 7. HP: 48/51 MP: 0/0
  5239 | D:4      | Learned a level 3 spell: Conjure Flame
  5248 | D:4      | Reached skill level 4 in Fighting
  5536 | D:5      | Entered Level 5 of the Dungeon
  5565 | D:5      | Noticed Grinder
  5565 | D:5      | Paralysed by Grinder for 4 turns
  5574 | D:5      | Killed Grinder
  5764 | D:5      | Found a snail-covered altar of Cheibriados.
  5778 | D:5      | Reached skill level 5 in Fighting
  5778 | D:5      | Reached XP level 8. HP: 49/59 MP: 0/0
  6046 | D:5      | Found a shadowy altar of Dithmenos.
  6327 | D:5      | Found a white marble altar of Elyvilon.
  6403 | D:5      | Reached skill level 5 in Spellcasting
  6640 | D:6      | Reached skill level 6 in Fighting
  7230 | D:6      | Reached XP level 9. HP: 50/67 MP: 0/0
  7230 | D:6      | Learned a level 4 spell: Fulminant Prism
  7467 | D:6      | Reached skill level 7 in Fighting
  8239 | D:7      | Found an opulent altar of Gozag.
  8277 | D:7      | Reached skill level 8 in Fighting
  8677 | D:7      | Found an iron altar of Okawaru.
  8916 | D:7      | Found a staircase to the Ecumenical Temple.
  8931 | Temple   | Entered the Ecumenical Temple
  9430 | D:8      | Found Cavvot's General Store.
  9841 | D:8      | Bought a scroll of teleportation for 48 gold pieces
  9841 | D:8      | Bought a scroll of fear for 64 gold pieces
  9841 | D:8      | Bought 2 potions of might for 128 gold pieces
  9875 | D:8      | Reached XP level 10. HP: 68/77 MP: 0/0
 10003 | D:8      | Reached skill level 1 in Polearms
 10026 | D:8      | Found a staircase to the Lair.
 10067 | D:8      | Found a blossoming altar of Fedhas.
 10302 | D:8      | Reached skill level 9 in Fighting
 10327 | D:8      | Found a burning altar of Makhleb.
 10815 | D:9      | Slain by a slime creature

Illustrated notes

Levels and vault maps discovered:
D:1:      reono_arrival_mine, layout_loops_ring,
          hellmonk_ecumenical_altar_inner_sanctum, serial_forest,
          infiniplex_forest_join, infiniplex_forest_pool,
          infiniplex_forest_clump_cross, infiniplex_forest_lined_room_2,
          infiniplex_forest_clump_large, infiniplex_forest_clump_tiny,
          infiniplex_forest_lined_room_3
D:2:      layout_basic, uniq_sigmund
D:3:      layout_basic, grunt_temple_overflow_open
D:4:      cheibrodos_old_hovel, layout_loops_corners,
          nicolae_inconvenience_store, minmay_misc_feat_tower
D:5:      layout_gridville, lemuel_tele_altar, mainiacjoe_overflow_boulevard,
          elyvilon_altar_3, led_sif_book, uniq_grinder
D:6:      layout_cave_pools, hangedman_minor_gate_pass
D:7:      layout_rooms, okawaru_gym_becter, nicolae_gozag_seed_capital,
          minmay_temple_entry_arrows
D:8:      layout_layer_cave, fedhas_altar_fruit_tree, mainiacjoe_overflow_paths,
          dpeg_oklobed_lair, serial_shops, nicolae_square_shop
D:9:      layout_cave_pools, nicolae_ru_sacrificial_ziggurat,
          mainiacjoe_overflow_six_doors_small
Temple:   nicolae_temple_ecumenical_triangle

Skill      XL: |  1  2  3  4  5  6  7  8  9 10 |
---------------+-------------------------------+-----
Fighting       | 1 3 5 6 8 9 |  9.8
Spellcasting   | 3 4 5 7 8 |  8.0
Short Blades   | 2 |  2.0
Evocations     | 2 |  2.0
Polearms       | 2 |  2.0
Dodging        | |  2.1
Stealth        | |  1.5

Action                   |  1- 3 |  4- 6 |  7- 9 | 10-12 || total
-------------------------+-------+-------+-------+-------++-------
Melee: Dagger            |     9 |     3 |     7 |       ||    19
       Halberd           |       |       |       |     6 ||     6
 Cast: Shock             |    51 |   125 |   150 |    75 ||   401
       Static Discharge  |     3 |     4 |    26 |     8 ||    41
       Swiftness         |     1 |       |     1 |       ||     2
       Airstrike         |       |       |    15 |     9 ||    24
       Necrotise         |       |       |     7 |       ||     7
Evoke: Wand              |       |       |     1 |       ||     1
 Stab: Sleeping          |     1 |       |       |       ||     1
Armor: Robe              |     3 |     7 |    16 |     1 ||    27
Dodge: Dodged            |    14 |     9 |    44 |     7 ||    74
Block: Other             |       |       |       |     4 ||     4
       Reflection        |       |       |       |     1 ||     1
